 Dungeon Crawl Stone Soup version 0.25-a0-194-gece12570e2 (webtiles) character file.

Game seed: 14106882807848261808, levelgen mode: classic

228 EnegeticOcto the Skirmisher (level 5, 0/47 HPs)
             Began as a Mummy Chaos Knight on Dec 1, 2019.
             Was a Plaything of Xom.
             Blown up by a gnoll (15 damage)
             ... with a disintegration bolt
             ... on level 3 of the Dungeon.
             The game lasted 00:03:23 (3026 turns).

EnegeticOcto the Skirmisher (Mummy Chaos Knight)    Turns: 3026, Time: 00:03:24

Health: 0/47       AC:  8    Str: 15    XL:     5   Next: 71%
Magic:  5/5        EV:  6    Int: 13    God:    Xom [...*..]
Gold:   102        SH:  0    Dex: 11    Spells: 4/4 levels left

rFire    x . .     SeeInvis .   a - +1 spear (chaos)
rCold    + . .     Gourm    .   (no shield)
rNeg     + + +     Faith    .   n - +0 chain mail
rPois    ∞         Spirit   .   (no helmet)
rElec    .         Reflect  .   (no cloak)
rCorr    .         Harm     .   (no gloves)
MR       .....                  (no boots)
Stlth    ..........             (no amulet)
HPRegen  0.15/turn              (no ring)
MPRegen  0.09/turn              (no ring)

@: no status effects
A: no food or potions, fire vulnerability, cold resistance 1, negative energy
resistance 3, torment resistance, unbreathing
a: Renounce Religion


You were on level 3 of the Dungeon.
You worshipped Xom.
You were a favourite toy of Xom.
You were not hungry.

You visited 1 branch of the dungeon, and saw 4 of its levels.

You collected 102 gold pieces.

Inventory:

Hand Weapons
 a - a +1 spear of chaos (weapon)
Missiles
 h - 65 arrows
 i - 53 sling bullets
 j - 58 stones (quivered)
 k - 2 throwing nets {!f}
Armour
 b - a +2 leather armour
 n - a +0 chain mail (worn)
Scrolls
 c - 2 scrolls of amnesia {unknown}
 d - 5 scrolls of teleportation {unknown}
 g - a scroll of random uselessness
 l - 3 scrolls of remove curse {unknown}
 o - a scroll of fear {unknown}


   Skills:
 + Level 6.5 Fighting
 - Level 2.4 Polearms
 - Level 1.5 Armour
 - Level 0.7 Dodging


You had 4 spell levels left.
You didn't know any spells.
Your spell library was empty.

Dungeon Overview and Level Annotations

Branches:
Dungeon (4/15)             Temple (0/1) D:4

Altars:
Trog


Innate Abilities, Weirdness & Mutations

You do not eat or drink.
Your flesh is vulnerable to fire.
You are immune to poison.
Your flesh is cold resistant. (rC+)
You are immune to negative energy. (rN+++)
You are immune to unholy pain and torment.
You can survive without breathing.


Message History

Your chain mail prevents you from hitting the adder.
Xom transforms those around you.
The adder reforms as an arrow.
You hit the worker ant. You drain the worker ant.
The worker ant is lightly wounded.
The worker ant bites you but does no damage.
Your chain mail prevents you from hitting the worker ant.
The worker ant is lightly wounded.
The worker ant bites you but does no damage.
You barely miss the worker ant.
The worker ant is lightly wounded.
The worker ant bites you.
You hit the worker ant.
The worker ant is poisoned.
The worker ant is moderately wounded.
The worker ant bites you but does no damage.
You hit the worker ant. You burn the worker ant.
The worker ant is almost dead.
You kill the worker ant!
No target in view!
No target in view!
No target in view!
There is a stone staircase leading up here.
You climb upwards.
Xom makes a sudden noise!
You hear a high-pitched scream!
A worm comes into view.
You hear a shout! x2
There is a stone staircase leading down here.
Attack whom?
Press: ? - help, Dir - move target cursor, f - worm
Aim: a worm You reach to attack!
You hit the worm but do no damage.
Attack whom?
Press: ? - help, Dir - move target cursor, f/p - worm
Aim: a worm You reach to attack!
You hit the worm.
The worm is poisoned.
The worm is moderately wounded.
You barely miss the worm.
The worm is moderately wounded.
You hit the worm but do no damage.
The worm is moderately wounded.
The worm bites you but does no damage.
Your chain mail prevents you from hitting the worm.
The worm is moderately wounded.
The worm barely misses you.
You hit the worm.
The worm is moderately wounded.
You hit the worm.
The worm suddenly seems more agile.
The worm is severely wounded.
The worm bites you.
You closely miss the worm.
The worm is severely wounded.
You closely miss the worm.
The worm is almost dead.
The worm barely misses you.
You hit the worm. You freeze the worm.
The worm is almost dead.
You kill the worm!
No target in view!
No target in view!
HP restored.
Found a whip.
You see here a whip.
i - 53 sling bullets (gained 18)
A goblin comes into view. It is wielding a +0 club.
The goblin shouts!
The goblin unwields a +0 club.
The goblin wields a +0 hunting sling.
The goblin shoots a stone.
The stone hits you.
A gnoll comes into view.
It is wielding a +0 club and carrying a wand of disintegration (13).
The goblin shoots a stone.
The stone barely misses you.
The gnoll shouts!
You hear a shout! x3
The gnoll zaps a wand.
You are blasted!
Ouch! That really hurt!
Xom thinks this is hilarious!
You are too injured to fight recklessly!
You are too injured to fight recklessly!
You are too injured to fight recklessly!
The goblin shoots a stone.
The stone closely misses you.
The goblin shoots a stone.
The stone hits you.
You see here a stone.
Press: ? - help, v - describe, . - travel
Here: a gnoll, wielding a +0 club and carrying a wand of disintegration (12)
The floor.
Evoke which item? (* to show all) (? for menu, Esc to quit)
Okay, then.
As you read the scroll labeled EFOKADWEOMUG, it crumbles to dust.
It is a scroll of identify.
g - a scroll of random uselessness The goblin shoots a stone.
The stone hits you but does no damage.
As you read the scroll labeled WUKYCANECA, it crumbles to dust.
You feel aware of your surroundings.
It was a scroll of magic mapping. "This might be better!"
The goblin evaporates and reforms as a giant cockroach!
You are now a favourite toy of Xom.
A gnoll comes into view. It is wielding a +0 spear.
As you read the scroll labeled IKLETHR QOBAERR, it crumbles to dust.
It is a scroll of enchant weapon.
Your +0 spear of chaos glows red for a moment.
The gnoll zaps a wand.
You are blasted!
You die...
Xom giggles madly!

<,*,,,*****,**#.#.#**,*****,***
,,*,***,,,,,,,..#.# *,*,,,,,*
***,* *,***,*,g.#.# *,*,*****
**,,* *,* *,*,#.#)# *,,,* **,,*
*,***,*,#.#s# ***** **,,*
*,,,,,,,#.#.# ,,,,*
*****,**#g#.#
***,*****##.###...#
,,,,,,,,,.......@##
***,*****##.####.# ,**,** *,*
#(# ,**,,* #.* #.# ,***,* #.*
#.# ,* *,######.####.# ,*
*,,...........# ,*
*,,*#.......### ,*
*,,,#.......# *********


You could see 2 gnolls and a giant cockroach.

Vanquished Creatures
  2 orc priests (D:4)
  An iguana (D:4)
  A worker ant (D:4)
  2 adders (D:2)
  5 worms
  2 dart slugs (D:1)
  3 leopard geckos (D:1)
  4 orcs
  4 giant cockroaches (D:1)
  3 goblins (D:1)
  2 hobgoblins
  4 jackals (D:4)
  A ball python (D:1)
  2 bats (D:1)
  2 frilled lizards
  3 kobolds
  4 rats
45 creatures vanquished.

Vanquished Creatures (collateral kills)
  An orc priest (D:4)
  A worker ant (D:4)
  An orc (D:4)
3 creatures vanquished.

Grand Total: 48 creatures vanquished

Notes
Turn   | Place    | Note
-------+----------+-------------------------------------------
     0 | D:1      | EnegeticOcto the Mummy Chaos Knight began the quest for the
                  | Orb.
     0 | D:1      | Reached XP level 1. HP: 18/18 MP: 1/1
    91 | D:1      | XOM: harmless Fire miscast
    94 | D:1      | Reached XP level 2. HP: 22/24 MP: 2/2
   107 | D:1      | XOM: silly message
   414 | D:1      | XOM: god gift: sapphire potion {god gift}
   493 | D:1      | XOM: 1-stop teleportation journey
   563 | D:1      | XOM: harmless Chrm miscast
   623 | D:1      | Reached skill level 4 in Fighting
   973 | D:1      | Reached XP level 3. HP: 27/30 MP: 3/3
  1401 | D:2      | XOM: summons 1 hostile demon
  1656 | D:2      | XOM: divination: detect creatures
  1752 | D:2      | Noticed a moth of wrath
  1755 | D:2      | Found a bloodstained altar of Trog.
  1970 | D:2      | Reached XP level 4. HP: 38/38 MP: 4/4
  2063 | D:2      | You fall into a shaft and drop 2 floors!
  2243 | D:4      | Reached skill level 5 in Fighting
  2396 | D:4      | XOM: summons 2 friendly demons
  2414 | D:4      | Reached XP level 5. HP: 46/46 MP: 5/5
  2430 | D:4      | Reached skill level 6 in Fighting
  2607 | D:4      | XOM: 9-stop teleportation journey
  2686 | D:4      | Found a staircase to the Ecumenical Temple.
  2745 | D:4      | XOM: 2-stop teleportation journey
  2891 | D:4      | XOM: snakes to sticks
  2914 | D:3      | XOM: noise
  3025 | D:3      | XOM: polymorph goblin -> giant cockroach
  3026 | D:3      | Blown up by a gnoll

Levels and vault maps discovered:
D:1:      ncdulo_smallfort, layout_basic, minmay_heptomino_d4
D:2:      layout_loops_ring, tgw_trog, first_ration
D:3:      layout_basic, grunt_ministairs_7, uniq_natasha,
          uniq_crazy_yiuf_cottage
D:4:      minmay_chambers_of_twos, layout_loops_corners,
          minmay_temple_entry_nine_rooms

Skill      XL: |  1  2  3  4  5 |
---------------+----------------+-----
Fighting       | 4 5 6 |  6.5
Polearms       | |  2.4
Armour         | |  1.5
Dodging        | |  0.7

Action                   |  1- 3 |  4- 6 || total
-------------------------+-------+-------++-------
Melee: Spear             |   150 |    69 ||   219
  Use: Scroll            |       |     3 ||     3
 Stab: Confused          |     1 |     1 ||     2
Armor: Leather armour    |    77 |       ||    77
       Chain mail        |     8 |    25 ||    33
Dodge: Dodged            |    81 |    17 ||    98

Table legend:
 A = Non-vault XP
 B = Vault XP
 C = Vault XP percentage of total XP
 D = Non-vault monster count
 E = Vault monster count
 F = Vault count percentage of total count
                 A         B        C        D         E       F
            +---------+---------+-------+---------+---------+-------
      Total |     270 |      57 |  17.4 |      38 |      10 |  20.8
            +---------+---------+-------+---------+---------+-------
        D:1 |      36 |       7 |  16.3 |      16 |       4 |  20.0
        D:2 |      38 |      17 |  30.9 |       7 |       5 |  41.7
        D:3 |       5 |       0 |   0.0 |       1 |       0 |   0.0
        D:4 |     191 |      33 |  14.7 |      14 |       1 |   6.7
            +---------+---------+-------+---------+---------+-------
